Map: Dolina kaktusów ER (Void)

Players

OuO - Winner!

  • Race: Protoss Protoss
  • League: Master
  • Spawn Location: 1:00

Jinn

  • Race: Terran Terran
  • League: Master
  • Spawn Location: 5:00

VOD

Have the link to the VOD?

Description

Time

  • Played on: Jan. 27, 2017, 6:05 p.m.
  • Length: 17:25
Show
View Real Time Build Order
Export as new Build Order

OuO Protoss - Winner!

Build Orders: 1 Gate Expand, Oracle Opening 

Get SALT Encoding   

  12  0:02  Probe (Chrono Boost)  
  13  0:12  Probe (Chrono Boost)  
  14  0:18  Pylon  
  14  0:23  Probe (Chrono Boost)  
  15  0:36  Probe (Chrono Boost)  
  15  0:38  Gateway  
  16  0:46  Assimilator, Probe (Chrono Boost)  
  18  0:57  Probe (Chrono Boost)  
  18  1:07  Probe (Chrono Boost)  
  19  1:22  Nexus  
  19  1:34  Cybernetics Core  
  19  1:38  Probe (Chrono Boost)  
  20  1:43  Assimilator  
  20  1:51  Pylon  
  20  1:55  Probe (Chrono Boost)  
  21  2:07  Adept  
  22  2:08  Probe (Chrono Boost)  
  22  2:15  Stargate  
  24  2:20  Probe (Chrono Boost)  
  25  2:24  Warp Gate  
  25  2:33  Probe (Chrono Boost)  
  25  2:35  Probe (Chrono Boost)  
  27  2:38  Adept  
  30  2:45  Probe x2 (Chrono Boost)  
  31  2:53  Oracle  
  31  2:57  Probe x2 (Chrono Boost)  
  36  3:05  Assimilator  
  36  3:09  Probe x2 (Chrono Boost)  
  36  3:12  Assimilator  
  40  3:20  Mothership Core (Chrono Boost)  
  40  3:21  Adept  
  40  3:25  Probe (Chrono Boost)  
  43  3:30  Forge  
  43  3:37  Probe (Chrono Boost)  
  43  3:38  Probe (Chrono Boost)  
  45  3:49  Probe (Chrono Boost)  
  45  3:51  Probe (Chrono Boost)  
  45  4:00  Pylon  
  45  4:01  Probe (Chrono Boost)  
  46  4:05  Photon Cannon  
  46  4:09  Pylon  
  46  4:15  Phoenix  
  46  4:19  Probe (Chrono Boost)  
  46  4:20  Probe (Chrono Boost)  
  48  4:29  Probe (Chrono Boost)  
  44  4:32  Probe (Chrono Boost)  
  44  4:40  Probe (Chrono Boost)  
  44  4:44  Fleet Beacon  
  45  4:49  Photon Cannon  
  45  4:53  Probe (Chrono Boost)  
  45  4:55  Probe (Chrono Boost)  
  45  4:59  Pylon  
  47  5:04  Photon Cannon  
  48  5:07  Probe (Chrono Boost)  
  48  5:08  Probe (Chrono Boost)  
  49  5:15  Stargate  
  49  5:19  Probe (Chrono Boost)  
  49  5:20  Probe (Chrono Boost)  
  51  5:21  Carrier  
  57  5:37  Protoss Air Weapons Level 1  
  57  5:50  Pylon  
  57  5:51  Probe (Chrono Boost)  
  57  5:52  Probe (Chrono Boost)  
  57  5:53  Carrier  
  59  5:59  Twilight Council  
  65  6:18  Probe (Chrono Boost)  
  66  6:24  Probe (Chrono Boost)  
  65  6:36  Carrier  
  65  6:37  Resonating Glaives  
  65  6:43  Graviton Catapult  
  65  6:49  Pylon  
  65  6:51  Probe x2 (Chrono Boost)  
  73  7:03  Probe (Chrono Boost)  
  73  7:07  Nexus  
  73  7:08  Carrier  
  80  7:32  Protoss Air Weapons Level 2  
  80  7:35  Adept  
  82  7:41  Gateway  
  82  7:43  Gateway  
  82  7:49  Pylon  
  82  7:54  Pylon  
  82  7:55  Pylon  
  82  7:57  Probe (Chrono Boost)  
  82  7:58  Probe (Chrono Boost)  
  84  8:02  Templar Archives  
  90  8:14  Adept  
  92  8:20  Gateway  
  92  8:22  Gateway  
  92  8:25  Probe (Chrono Boost)  
  93  8:28  Probe (Chrono Boost)  
  93  8:30  Probe (Chrono Boost)  
  101  8:37  Assimilator  
  100  8:41  Assimilator  
  100  8:42  Tempest x2  
  100  8:59  Stalker x3  
  94  9:20  Tempest x2  
  94  9:22  Probe (Chrono Boost)  
  94  9:23  Probe x2 (Chrono Boost)  
  107  9:35  Probe (Chrono Boost)  
  106  9:42  Probe (Chrono Boost)  
  106  9:43  Nexus, Photon Cannon  
  106  9:44  Probe (Chrono Boost), Pylon  
  109  9:47  Probe (Chrono Boost), Psionic Storm  
  109  9:54  Stargate  
  109  9:56  Stargate  
  109  10:04  Probe (Chrono Boost)  
  112  10:08  Tempest  
  110  10:21  Pylon  
  116  10:22  Pylon  
  116  10:23  Protoss Air Weapons Level 3  
  116  10:25  Pylon  
  116  10:27  Pylon  
  116  10:40  Probe x2 (Chrono Boost)  
  119  10:43  Probe (Chrono Boost), High Templar x4  
  127  10:52  Probe (Chrono Boost)  
  127  10:53  Tempest  
  128  11:01  Tempest  
  134  11:06  Assimilator  
  134  11:11  Assimilator  
  140  11:15  Tempest  
  147  11:19  Probe (Chrono Boost)  
  147  11:25  Tempest  
  153  11:29  Probe (Chrono Boost)  
  153  11:30  Probe x2 (Chrono Boost)  
  156  11:33  Tempest  
  156  11:38  Probe (Chrono Boost)  
  163  11:53  Photon Cannon  
  163  11:55  Photon Cannon  
  163  11:59  Pylon  
  163  12:03  Pylon  
  163  12:05  Pylon  
  163  12:09  Pylon  
  163  12:11  Tempest  
  163  12:13  Protoss Shields Level 1  
  163  12:21  Tempest  
  175  12:34  Gateway  
  173  12:39  Gateway  
  173  12:41  Pylon  
  173  12:43  Gateway  
  173  12:44  Blink  
  173  12:46  Stalker, Protoss Air Armor Level 1  
  173  12:48  High Templar x2  
  179  12:53  Oracle  
  182  13:02  Pylon  
  182  13:04  Pylon  
  182  13:05  Tempest  
  182  13:08  Tempest  
  194  13:20  Tempest  
  200  13:40  Gateway  
  200  13:43  Gateway x2  
  196  14:00  Nexus  
  196  14:01  Pylon  
  176  14:30  Tempest x2  
  166  14:36  Tempest x2  
  184  14:41  High Templar x3  
  190  15:03  Assimilator  
  190  15:07  Assimilator  
  190  15:08  Oracle  
  190  15:09  Photon Cannon  
  190  15:13  Photon Cannon  
  193  15:14  Pylon  
  193  15:15  Stalker x3  
  193  15:16  Pylon  
  193  15:18  Pylon  
  193  15:20  Pylon  
  199  15:22  Pylon  
  199  15:23  Pylon  
  190  15:49  Stalker  
  192  15:50  Stalker x4  
  194  16:03  Stalker x2  
  194  16:04  Stalker  
  191  16:06  Stalker x2  
  172  16:19  Stalker x4  
  172  16:20  Stalker  
  172  16:27  Archon  
  172  16:28  Archon  
  106  17:02  Stalker  
  106  17:06  Probe x2 (Chrono Boost)  
Show
View Real Time Build Order
Export as new Build Order

Jinn Terran 

Build Orders:  

Get SALT Encoding   

  12  0:02  SCV  
  14  0:14  SCV  
  14  0:19  Supply Depot  
  14  0:26  SCV  
  15  0:33  Refinery  
  15  0:40  SCV  
  16  0:46  Barracks  
  16  0:52  SCV  
  17  1:05  SCV  
  18  1:17  SCV  
  19  1:34  Orbital Command  
  19  1:37  Marine  
  20  1:53  Command Center  
  20  2:02  SCV  
  20  2:07  Factory  
  21  2:11  Refinery  
  21  2:14  SCV  
  22  2:17  Barracks Reactor  
  22  2:26  Supply Depot  
  22  2:27  SCV  
  23  2:48  SCV  
  24  2:53  Starport  
  24  2:59  Hellion x2  
  28  3:06  Barracks Tech Lab  
  28  3:07  Orbital Command  
  28  3:08  SCV  
  29  3:20  Hellion x2  
  33  3:28  SCV  
  33  3:33  SCV  
  35  3:36  Raven  
  37  3:53  SCV x2  
  37  3:54  Widow Mine x2  
  39  3:57  Engineering Bay  
  39  4:01  Marine  
  40  4:05  SCV x2  
  43  4:17  SCV  
  39  4:30  SCV x2  
  41  4:33  Refinery  
  41  4:34  Refinery  
  37  4:40  Widow Mine  
  37  4:41  Widow Mine  
  37  4:42  Raven, SCV  
  37  4:43  SCV  
  37  4:45  Missile Turret  
  45  4:51  Missile Turret  
  45  4:54  SCV  
  46  5:07  Fusion Core  
  46  5:15  Supply Depot  
  46  5:16  Supply Depot  
  46  5:35  Starport  
  46  5:36  SCV x2, Hellion x2  
  46  5:39  Supply Depot  
  46  5:41  Supply Depot  
  52  5:48  SCV  
  53  5:51  Armory  
  53  5:55  Battlecruiser  
  59  5:59  Hellion  
  59  6:00  SCV  
  59  6:01  Hellion  
  64  6:07  SCV  
  65  6:13  Starport Tech Lab, SCV  
  66  6:19  SCV  
  67  6:26  SCV  
  67  6:31  SCV  
  73  6:38  SCV  
  74  6:41  Terran Vehicle And Ship Armor Level 1  
  74  6:44  Battlecruiser  
  74  6:45  Supply Depot  
  74  6:46  SCV  
  77  6:51  Weapon Refit  
  77  6:56  Command Center  
  77  6:57  SCV  
  78  7:05  Recalibrated Explosives  
  78  7:07  SCV  
  79  7:08  Banshee  
  79  7:10  Supply Depot  
  79  7:13  SCV  
  83  7:17  Hellion  
  83  7:19  SCV  
  83  7:22  Supply Depot  
  86  7:31  SCV x2, Hellion  
  86  7:36  Supply Depot  
  90  7:43  Hellion  
  92  7:49  Supply Depot  
  92  7:53  Hellion  
  92  7:56  Battlecruiser  
  100  8:04  Hellion  
  102  8:07  Missile Turret  
  102  8:09  Orbital Command  
  102  8:11  Supply Depot  
  102  8:17  Battlecruiser  
  108  8:22  Hellion  
  110  8:28  Refinery, Orbital Command  
  110  8:43  SCV x2  
  112  8:55  Refinery  
  86  9:08  Battlecruiser  
  92  9:19  Hellion x2  
  92  9:21  Battlecruiser  
  102  9:33  SCV x3  
  105  9:43  Command Center  
  105  9:44  Hellion x2  
  109  9:47  Terran Vehicle And Ship Armor Level 2  
  109  9:49  Starport  
  109  9:50  Supply Depot  
  109  9:52  Starport  
  109  9:53  Armory  
  109  10:01  Starport  
  109  10:07  SCV x3  
  112  10:11  Hellion  
  112  10:12  Hellion  
  112  10:13  Supply Depot x2  
  112  10:14  Supply Depot  
  116  10:19  SCV  
  113  10:29  Viking x2  
  113  10:31  Battlecruiser  
  113  10:35  Raven  
  123  10:39  Hellion x2  
  123  10:40  Viking  
  131  10:47  Terran Ship Weapons Level 1  
  131  10:56  Missile Turret x2  
  131  10:57  Supply Depot  
  131  10:58  Missile Turret  
  131  10:59  Missile Turret  
  131  11:11  Command Center, Refinery  
  131  11:16  Viking  
  133  11:18  Planetary Fortress  
  133  11:22  Refinery  
  133  11:25  Raven  
  135  11:26  Viking  
  135  11:31  Supply Depot  
  135  11:32  Supply Depot  
  137  11:40  Raven  
  137  11:41  Corvid Reactor  
  137  11:43  Viking  
  137  11:46  Viking  
  143  11:48  Ghost Academy  
  143  11:49  Barracks Tech Lab  
  143  11:58  Supply Depot  
  143  11:59  Supply Depot  
  143  12:04  Hellion x2  
  147  12:13  Starport Tech Lab, Battlecruiser  
  147  12:14  Starport Reactor  
  153  12:16  Starport Reactor  
  153  12:28  Command Center  
  153  12:43  Terran Vehicle And Ship Armor Level 3, Terran Ship Weapons Level 2  
  149  13:01  Hellion x9  
  149  13:05  Viking x3  
  151  13:06  Battlecruiser  
  151  13:09  Viking  
  163  13:18  Supply Depot  
  163  13:19  Supply Depot  
  163  13:31  Planetary Fortress  
  163  13:47  Command Center  
  161  13:56  Barracks  
  161  13:57  Barracks  
  161  14:05  Refinery  
  161  14:07  Viking x2  
  161  14:08  Raven  
  136  14:37  Battlecruiser  
  136  14:39  Viking x3  
  136  14:43  Ghost  
  136  14:45  Hellion x9  
  142  14:46  Barracks Tech Lab  
  142  14:47  Barracks Tech Lab  
  142  14:55  Viking  
  144  15:05  Refinery  
  138  15:21  Ghost x2  
  138  15:22  Ghost  
  142  15:33  Viking x2  
  132  15:50  Ghost  
  132  15:52  Ghost  
  132  15:54  Viking x2  
  126  16:19  Viking x2  
  108  16:37  Viking x2  
  83  16:52  Viking x2  
Tags
 
Add a new tag
Caveats
  • Supply blocks, unpowered buildings, or Contaminate may cause inaccurate times.
  • Supply counts are checked every 10 seconds.